 Dungeon Crawl Stone Soup version 0.28-a0-683-ga8797d1ae1 (webtiles) character file.

Game seed: 301768368006819245

1754 Stormracerdan the Slasher (level 9, -1/74 HPs)
             Began as a Hill Orc Fighter on Oct 18, 2021.
             Was an Initiate of Makhleb.
             Slain by an acid dragon skeleton (8 damage)
             ... animated by the malice of Kikubaaqudgha
             ... on level 6 of the Dungeon.
             The game lasted 01:04:29 (7759 turns).

Stormracerdan the Slasher (Hill Orc Fighter)        Turns: 7759, Time: 01:04:29

Health: -1/74      AC: 17    Str: 22    XL:     9   Next: 6%
Magic:  0/9        EV:  8    Int:  8    God:    Makhleb [......]
Gold:   302        SH:  9    Dex: 13    Spells: 5/8 levels left

rFire   . . .      SeeInvis .   j - +2 falchion (elec)
rCold   . . .      Faith    .   m - +0 kite shield
rNeg    . . .      Spirit   +   s - +5 scale mail of Lies {Harm Drain Regen+ Stlth+}
rPois   .          Reflect  .   l - +1 helmet
rElec   .          Harm     +   (no cloak)
rCorr   .          Rampage  .   n - +1 pair of gloves {Str+3}
Will    .....                   (no boots)
Stlth   +.........              a - amulet of guardian spirit
HPRegen 1.22/turn               (no ring)
MPRegen 0.11/turn               (no ring)

@: no status effects
A: no striking features
a: Renounce Religion


You were on level 6 of the Dungeon.
You worshipped Makhleb.
Makhleb was noncommittal.
You visited 2 branches of the dungeon, and saw 7 of its levels.

You collected 302 gold pieces.

Inventory:

Hand Weapons
 c - a +1 halberd of venom
 h - a +0 hand axe
 i - a +0 flail of holy wrath
 j - a +2 falchion of electrocution (weapon)
 r - a +3 quarterstaff
 v - a +0 hand crossbow
 x - a +1 whip of flaming
Missiles
 k - 16 sling bullets
 o - 2 curare-tipped darts
 p - 28 poisoned darts (quivered)
 y - 22 bolts
Armour
 g - a +1 chain mail
 l - a +1 helmet (worn)
 m - a +0 kite shield (worn)
 n - a +1 pair of gloves of strength (worn)
 s - the +5 scale mail of Lies (worn) {Harm Drain Regen+ Stlth+}
   (You found it on level 4 of the Dungeon)

   Regen:     It increases your rate of health regeneration.
   Drain:     It drains your maximum health when unequipped.
   Harm:      It increases damage dealt and taken.
   Stlth:     It makes you more stealthy.
 u - a +0 leather armour of poison resistance
Jewellery
 a - an amulet of guardian spirit (around neck)
Wands
 e - a wand of polymorph (9)
Scrolls
 b - a scroll of identify
 w - a scroll of teleportation
Potions
 d - 2 potions of haste
 q - a potion of flight


   Skills:
 + Level 5.2 Fighting
 * Level 6.0 Long Blades
 + Level 2.3(4.2) Axes
 + Level 4.5(4.8) Maces & Flails
 + Level 4.9 Throwing
 + Level 5.7 Armour
 + Level 1.6 Dodging
 + Level 0.3 Stealth
 + Level 4.9 Shields


You had 5 spell levels left.
You knew the following spells:

 Your Spells              Type           Power      Damage    Failure   Level
a - Vampiric Draining     Necr           0%         2d6       100%        3

Your spell library contained the following spells:

 Spells                   Type           Power      Damage    Failure   Level
 Animate Skeleton         Necr           0%         N/A       98%         1
 Pain                     Necr           0%         1d4       98%         1
 Sublimation of Blood     Necr           0%         N/A       99%         2
 Animate Dead             Necr           0%         N/A       100%        4
 Dispel Undead            Necr           0%         3d6       100%        4
 Agony                    Necr           0%         N/A       100%        5
 Excruciating Wounds      Necr           0%         N/A       100%        5
 Death Channel            Necr           0%         N/A       100%        6


Dungeon Overview and Level Annotations

Branches:
Dungeon (6/15)             Temple (1/1) D:6

Altars:
Ashenzari
Dithmenos
Fedhas
Gozag
Hepliaklqana
Kikubaaqudgha
Makhleb
Nemelex Xobeh
Okawaru
Qazlal
Ru
Sif Muna
Trog
Uskayaw
Vehumet
Xom
Yredelemnul
Zin
The Shining One

Shops:
D:3 =


Message History

You hit the iguana skeleton.
The iguana skeleton is almost destroyed.
You block the iguana skeleton's attack.
The manticore skeleton barely misses you.
The manticore skeleton claws you but does no damage.
The manticore skeleton barely misses you.
The troll skeleton bites you but does no damage.
The troll skeleton claws you but does no damage.
The troll skeleton claws you!
You slash the iguana skeleton!
Lightning courses through the iguana skeleton!
You destroy the iguana skeleton!
That felt strangely unrewarding.
The manticore skeleton bites you!
* * * LOW HITPOINT WARNING * * *
The manticore skeleton claws you but does no damage.
The manticore skeleton barely misses you.
The troll skeleton bites you!
* * * LOW HITPOINT WARNING * * *
The troll skeleton claws you but does no damage.
The troll skeleton barely misses you.
You feel better.
The manticore skeleton bites you but does no damage.
The manticore skeleton claws you but does no damage.
The manticore skeleton barely misses you.
The troll skeleton bites you but does no damage.
The troll skeleton claws you but does no damage. x2
The acid dragon skeleton bites you but does no damage.
The acid dragon skeleton claws you but does no damage.
You hit the troll skeleton.
The troll skeleton is lightly damaged.
The manticore skeleton bites you!
* * * LOW HITPOINT WARNING * * *
The manticore skeleton claws you.
* * * LOW HITPOINT WARNING * * *
The manticore skeleton barely misses you.
You block the troll skeleton's attack. The troll skeleton claws you.
* * * LOW HITPOINT WARNING * * *
The troll skeleton claws you but does no damage.
The acid dragon skeleton bites you!
You die...

##....###....####.##...##..#.#.#.
##....###...####....##........#.
##..............†.#####....#....
##........#.......## #........##
.........###......###.........##
.#...##..# #......#...####...#
###..###.###.####...# ##.## ##.#
#..##.####..## ##..#### #.#
#.....##.@.## ##......
#.....##...ZZZ.## ##......
##..#####.......# ###...... #.##
#.######.#........## ..# #.# ...
#.....## ... .## ### #.....## ..
.. #..##..# ... #.#####. .... #.#
##


You could see a manticore skeleton, an acid dragon skeleton and a troll
skeleton.

Vanquished Creatures
  2 steam dragons (D:6)
  A two-headed ogre skeleton (D:6)
  A manticore zombie (D:6)
  A black bear (D:6)
  2 ogres
  A centaur (D:5)
  2 phantoms
  2 kobold brigands
  The ghost of Megustar the Firebug, an amateur DEFE (D:4)
  A gnoll sergeant (D:6)
  A scorpion (D:5)
  A cyclops skeleton (D:6)
  A water moccasin skeleton (D:5)
  A howler monkey (D:6)
  A troll skeleton (D:5)
  A centaur skeleton (D:4)
  2 bullfrog skeletons (D:6)
  An orc priest (D:4)
  A hound (D:6)
  Crazy Yiuf (D:2)
  Terence (D:2)
  A black bear skeleton (D:5)
  3 iguanas
  3 orc wizards
  An ogre zombie (D:5)
  A sky beast zombie (D:5)
  A kobold skeleton (D:6)
  A hound zombie (D:5)
  Robin (D:2)
  A howler monkey skeleton (D:6)
  7 gnolls
  6 adders
  An ufetubus (D:4)
  An adder skeleton (D:5)
  An iguana skeleton (D:6)
  A worm (D:5)
  3 dart slugs
  25 orcs
  2 bats
  4 endoplasms
  3 giant cockroaches
  13 goblins
  6 hobgoblins
  6 jackals
  18 kobolds
  4 quokkas
  7 ball pythons
  A ball python skeleton (D:5)
  3 frilled lizards
  A gnoll skeleton (D:5)
  A goblin zombie (D:6)
  A kobold zombie (D:5)
  5 orc zombies
  6 rats
  A rat skeleton (D:6)
  A bush (D:3)
167 creatures vanquished.

Vanquished Creatures (others)
  4 kobolds (D:6)
  5 fungi (D:2)
  8 plants
17 creatures vanquished.

Grand Total: 184 creatures vanquished

Notes
Turn   | Place    | Note
-------+----------+-------------------------------------------
     0 | D:1      | Stormracerdan the Hill Orc Fighter began the quest for the
                  | Orb.
     0 | D:1      | Reached XP level 1. HP: 19/19 MP: 1/1
   166 | D:1      | Reached XP level 2. HP: 27/27 MP: 2/2
   175 | D:1      | Found a faded altar of an unknown god.
   204 | D:1      | Prayed at the altar of an unknown god.
   204 | D:1      | Became a worshipper of Kikubaaqudgha
   204 | D:1      | Reached * piety under Kikubaaqudgha
   204 | D:1      | Received a gift from Kikubaaqudgha
   207 | D:1      | Learned a level 1 spell: Animate Skeleton
  1172 | D:2      | Noticed Terence
  1178 | D:2      | Killed Terence
  1179 | D:2      | Reached XP level 3. HP: 33/33 MP: 3/3
  1207 | D:2      | Reached XP level 4. HP: 40/40 MP: 4/4
  1210 | D:2      | Noticed Robin
  1257 | D:2      | Killed Robin
  1258 | D:2      | Reached skill level 1 in Axes
  1497 | D:2      | Learned a level 3 spell: Vampiric Draining
  1745 | D:2      | Reached ** piety under Kikubaaqudgha
  2118 | D:2      | Found a runed translucent door.
  2119 | D:2      | Noticed Crazy Yiuf
  2130 | D:2      | Killed Crazy Yiuf
  2131 | D:2      | Reached XP level 5. HP: 30/47 MP: 5/5
  2419 | D:3      | Found Sysaupp's Jewellery Emporium.
  2689 | D:3      | Reached skill level 1 in Throwing
  2825 | D:3      | Noticed a shadow
  2826 | D:3      | Found a shadowy altar of Dithmenos.
  2827 | D:3      | Found a hazy altar of Hepliaklqana.
  3035 | D:3      | Found a sacrificial altar of Ru.
  3787 | D:3      | Noticed an ogre
  3797 | D:3      | Killed an ogre
  3798 | D:3      | Reached XP level 6. HP: 22/53 MP: 6/6
  4731 | D:4      | Reached XP level 7. HP: 34/60 MP: 7/7
  5236 | D:4      | Found an iron altar of Okawaru.
  5497 | D:4      | Found a runed translucent door.
  5499 | D:4      | Noticed Megustar's ghost (amateur DEFE)
  5513 | D:4      | Killed Megustar's ghost
  5522 | D:4      | Identified the +5 scale mail of Lies {Harm Drain Regen+
                  | Stlth+}
  5619 | D:4      | Found a shimmering blue altar of Sif Muna.
  5679 | D:4      | Reached *** piety under Kikubaaqudgha
  5679 | D:4      | Received a gift from Kikubaaqudgha
  5699 | D:4      | Reached skill level 1 in Long Blades
  5806 | D:4      | Found a sparkling altar of Nemelex Xobeh.
  5843 | D:5      | Entered Level 5 of the Dungeon
  5878 | D:5      | Reached skill level 2 in Long Blades
  6020 | D:5      | Found a burning altar of Makhleb.
  6050 | D:5      | Reached skill level 3 in Long Blades
  6078 | D:5      | Found a glowing silver altar of Zin.
  6078 | D:5      | Noticed an angel
  6078 | D:5      | Noticed a green death
  6093 | D:5      | Fell from the grace of Kikubaaqudgha
  6093 | D:5      | Became a worshipper of Makhleb the Destroyer
  6115 | D:5      | Reached XP level 8. HP: 42/67 MP: 3/8
  6183 | D:5      | Reached skill level 1 in Dodging
  6391 | D:5      | Found a glowing golden altar of the Shining One.
  6892 | D:6      | Reached skill level 5 in Armour
  6942 | D:6      | Reached skill level 4 in Long Blades
  6965 | D:6      | Reached skill level 5 in Fighting
  7150 | D:6      | Found a staircase to the Ecumenical Temple.
  7209 | D:6      | Reached skill level 5 in Long Blades
  7293 | Temple   | Entered the Ecumenical Temple
  7506 | D:6      | Reached XP level 9. HP: 71/74 MP: 7/9
  7605 | D:6      | Reached skill level 6 in Long Blades
  7759 | D:6      | Slain by an acid dragon skeleton

Illustrated notes

Levels and vault maps discovered:
D:1:      dpeg_arrival_stone_temple_mockup, layout_basic,
          hellmonk_ecumenical_altar_pennies_from_heaven
D:2:      layout_loops_ring, uniq_crazy_yiuf_cottage, uniq_robin, uniq_terence
D:3:      layout_loops_ring, riverfiend_overflow_shadow_ancestor,
          nicolae_ru_great_annihilating_truth, serial_shops,
          nicolae_shop_behind_doors, lexackson_kobold_supper
D:4:      layout_rooms, nemelex_diamond_rough_becter,
          nicolae_sif_muna_little_library, mainiacjoe_overflow_alcove_4,
          ebering_ghost_inner_flame
D:5:      layout_rooms, grunt_temple_overflow_order_and_chaos_2, tso_metal_star
D:6:      layout_layer_cave, minmay_temple_entry_sparse_star
Temple:   cyrus_temple_forest

Skill      XL: |  1  2  3  4  5  6  7  8  9 |
---------------+----------------------------+-----
Fighting       | 4 5 |  5.2
Maces & Flails | 3 4 |  4.5
Axes           | 2 |  2.3
Armour         | 4 5 |  5.7
Throwing       | 2 3 4 |  4.9
Shields        | 4 |  4.9
Long Blades    | 3 5 6 |  6.0
Dodging        | 1 |  1.6
Stealth        | |  0.3

Action                   |  1- 3 |  4- 6 |  7- 9 || total
-------------------------+-------+-------+-------++-------
Melee: Flail             |    23 |       |       ||    23
       Hand axe          |    24 |    80 |       ||   104
       Mace              |       |   216 |    14 ||   230
       Falchion          |       |       |   207 ||   207
Throw: Stone             |    24 |     2 |       ||    26
       Dart              |       |    80 |   106 ||   186
       Throwing net      |       |     4 |       ||     4
  Use: Potion            |     3 |     4 |     5 ||    12
       Scroll            |     1 |     6 |     4 ||    11
Armor: Scale mail        |     7 |       |   149 ||   156
       Chain mail        |    16 |   109 |     4 ||   129
       Skin              |       |     8 |    48 ||    56
Dodge: Dodged            |    13 |    62 |   121 ||   196
Block: Buckler           |    14 |    51 |    30 ||    95
       Kite shield       |       |       |    61 ||    61

Table legend: (Time is in decaauts)
 A = Elapsed time spent in this place.
 B = Non-inter-level travel time spent in this place.
 C = Inter-level travel time spent in this place.
 D = Time resting spent in this place.
 E = Time spent auto-exploring this place.
 F = Levels seen in this place.
 G = Mean time per level.
                   A        B        C        D        E       F      G
               +--------+--------+--------+--------+--------+-----+--------+
         Total |   7849 |   7849 |      0 |   2310 |   1949 |   7 | 1121.3 |
       Dungeon |   7760 |   7760 |      0 |   2310 |   1949 |   6 | 1293.3 |
        Temple |     88 |     88 |      0 |      0 |      0 |   1 |   88.0 |
               +--------+--------+--------+--------+--------+-----+--------+

Top non-repeatable levels by time:
     D:3: 2065 daAuts
     D:4: 1421 daAuts
     D:2: 1246 daAuts
     D:1: 1190 daAuts
     D:5: 940 daAuts
     D:6: 896 daAuts
  Temple: 88 daAuts
